[Event "Late-Titled-Tuesday-Blitz-April-16-2024"]
[Site "Chess.com"]
[Date "2024.04.16"]
[Round "1"]
[White "WilsonPalencia21"]
[Black "Kostukov_Alex"]
[Result "0-1"]
[WhiteElo "2584"]
[BlackElo "2292"]
[TimeControl "180+1"]
[EndTime "14:08:29 PDT"]
[Termination "Kostukov_Alex won on time"]

1. d4 g6 2. c4 Bg7 3. Nf3 d6 4. Nc3 e5 5. d5 f5 6. e4 Nf6 7. Bd3 O-O 8. h3 a5 9. Qe2 Na6 10. Bg5 h6 11. Bxf6 Qxf6 12. O-O-O Nc5 13. Nd2 f4 14. Kb1 Bd7 15. Bc2 a4 16. b4 axb3 17.
axb3 Ra3 18. Kb2 Rfa8 19. Ra1 Rxa1 20. Rxa1 Rxa1 21. Kxa1 Qg5 22. Qf1 Na6 23. Nf3 Qd8 24. Kb2 Qa8 25. Qa1 Qa7 26. Nd1 Qb6 27. Qa3 g5 28.
Kc3 Bf6 29. b4 g4 30. hxg4 Bxg4 31. Qa5 Bxf3 32. Qxb6 cxb6 33. gxf3 h5 34. Bd3 Nc7 35. Bf1 Kf7 36. Nb2 Bh4 37. Nd3 Ke7 38. Kd2 b5 39.
c5 Kd7 40. Bh3+ Ke7 41. Ke2 Bf6 42. Nc1 Na6 43. c6 bxc6 44. dxc6 Kd8 45. Na2 Kc7 46. Bd7 Nb8 47. Be8 Nxc6 48. Bxh5 Nd4+ 49. Kd3 Kb6 50. Nc3 Bh4 51. Nd1 Kc6 52. Be8+ Kc7 53. Kd2 Nxf3+ 54.
Kd3 Nd4 55. Bh5 Be7 56. f3 Bh4 57. Bg4 Be1 58. Bh5 Bxb4 59. Nf2 Be1 60. Nh3 b4 61. Bf7 Kb6 62. Ng5 Bh4 63. Ne6 Nxf3 64. Kc4 Be1 0-1

[Event "Late-Titled-Tuesday-Blitz-April-16-2024"]
[Site "Chess.com"]
[Date "2024.04.16"]
[Round "1"]
[White "vova-79"]
[Black "miraitrunks"]
[Result "1/2-1/2"]
[WhiteElo "2555"]
[BlackElo "2208"]
[TimeControl "180+1"]
[EndTime "14:08:31 PDT"]
[Termination "Game drawn by stalemate"]

1. d4 d5 2. c4 Bf5 3. cxd5 Bxb1 4. Qa4+ c6 5. dxc6 Nxc6 6. Rxb1 e5 7. Bd2 Qxd4 8. Qxd4 Nxd4 9. e3 Ne6 10. Bb5+ Ke7 11.
Nf3 a6 12. Bc4 f6 13. Rd1 b5 14. Bb4+ Kf7 15. Rd7+ Ne7 16. Bb3 a5 17. Bxe7 Bxe7 18. Ke2 Rhd8 19. Rhd1 Rxd7 20. Rxd7 Rd8 21. Rxd8 Bxd8 22.
Kd3 Ke7 23. Bxe6 Kxe6 24. Nd2 f5 25. f3 Bb6 26. b3 g5 27. a4 bxa4 28. bxa4 Bd8 29.
Kc4 h5 30. e4 g4 31. Nb3 h4 32. h3 gxf3 33. gxf3 Kf6 34. Nc5 Be7 35. Nd3 Bd6 36.
Kd5 Bc7 37. Kc6 Bd8 38. Nc5 Be7 39. Nd3 Bb4 40. Kd5 Bc3 41. Kc4 Bd4 42. Kb5 Bc3 43. Nc5 Kg5 44. Nd3 Bd2 45. Kc6 Bc3 46. Kd6 Bd4 47. Ke6 fxe4 48. fxe4 Bc3 49. Nxe5 Kf4 50. Ng6+ Kg3 51. Kf5 Kxh3 52. e5 Kg3 53. e6 Bb4 54. Nxh4 Kxh4 55. Kf6 Kg4 56. e7 Bxe7+ 57. Kxe7 Kf4 58.
Kd6 Ke4 59. Kc6 Kd4 60. Kb6 Kc4 61. Kxa5 Kc5 62. Ka6 Kc6 63. Ka7 Kc7 64. a5 Kc6 65. a6 Kc7 66. Ka8 Kc8 67. a7 Kc7 1/2-1/2

[Event "Late-Titled-Tuesday-Blitz-April-16-2024"]
[Site "Chess.com"]
[Date "2024.04.16"]
[Round "1"]
[White "SilverCityIndigo"]
[Black "kingofthenil"]
[Result "0-1"]
[WhiteElo "2445"]
[BlackElo "2812"]
[TimeControl "180+1"]
[EndTime "14:08:32 PDT"]
[Termination "kingofthenil won by resignation"]

1. d4 d6 2. c4 e5 3. e3 g6 4. Nf3 Bg7 5. b3 e4 6. Nfd2 f5 7. Bb2 Nf6 8. Qc2 O-O 9. Nc3 c5 10. dxc5 dxc5 11. O-O-O Qa5 12. Kb1 Nc6 13. a3 Be6 14.
Nd5 Nxd5 15. cxd5 Bxd5 16. Bc4 Bf7 17. Bxg7 Kxg7 18. Qb2+ Kg8 19. h4 Qc7 20. h5 Qe5 21. hxg6 hxg6 22. Rh6 Kg7 23. Rdh1 Qxb2+ 24. Kxb2 Ne5 25.
Rh7+ Kf6 26. f4 exf3 27. gxf3 Rad8 28. Kc3 Nxc4 29. bxc4 Rd7 30. f4 Rfd8 31. Nf3 Rd3+ 32. Kc2 Rxe3 33. Ne5 Be8 34. Rxb7 Ba4+ 35. Kb1 Rxa3 36.
Rf7+ Ke6 37. Rh6 Rg8 38. Rc7 Rb3+ 39. Ka2 Rg3 40. Rhh7 Re8 41. Rxa7 Bb3+ 42. Kb2 Bxc4 43. Nxc4 Kd5 44. Nb6+ Kc6 45. Nc4 Re2+ 46. Nd2 Rxd2+ 47. Kc1 Rf2 48. Rh1 Rc3+ 49. Kd1 Rb3 50. Kc1 Kd5 51. Rd7+ Ke4 52. Rd2 Rxd2 53. Kxd2 Kxf4 54. Kc2 Rg3 55.
Rf1+ Kg4 56. Ra1 f4 57. Ra8 g5 58. Rg8 f3 59. Rf8 Rg2+ 60. Kd3 Re2 61. Kc4 Re4+ 62.
Kd3 Rf4 63. Rxf4+ 0-1

[Event "Late-Titled-Tuesday-Blitz-April-16-2024"]
[Site "Chess.com"]
[Date "2024.04.16"]
[Round "1"]
[White "ritanovikova"]
[Black "B_nn_t"]
[Result "0-1"]
[WhiteElo "2164"]
[BlackElo "2554"]
[TimeControl "180+1"]
[EndTime "14:08:36 PDT"]
[Termination "B_nn_t won on time"]

1. e4 c5 2. Nc3 d6 3. d3 g6 4. Be3 Nf6 5. Be2 Bg7 6. h3 O-O 7. Qd2 Nc6 8. Bh6 d5 9. Bxg7 Kxg7 10. exd5 Nxd5 11. Nxd5 Qxd5 12. Bf3 Qe5+ 13. Ne2 Nd4 14.
O-O-O Nxf3 15. gxf3 Be6 16. d4 cxd4 17. Qxd4 Qxd4 18.
Nxd4 Bd7 19. h4 e5 20. Nb3 Bc6 21. Rhe1 Rfe8 22. Re3 Rac8 23. Rde1 f6 24. Na5 Bd5 25. Kb1 b6 26. Nb3 Kf7 27. Nd2 Rc6 28. b3 Rec8 29. c4 Be6 30. Ne4 a6 31. h5 Bf5 32. hxg6+ Bxg6 33.
Kb2 b5 34. Nd2 bxc4 35. Nxc4 Rb8 36. Kc3 Rd8 37. f4 exf4 38. Re7+ Kf8 39. Ra7 Rcd6 40.
Nxd6 Rxd6 41. Ra8+ Kf7 42. Ra7+ Kf8 43. Ree7 f3 44.
Rec7 Re6 45. Rc8+ Be8 46. Raa8 h5 47. Rc4 Kg7 48. Rh4 Re2 49. Ra7+ Bf7 50. Rh2 Kg6 51. Rc7 Be6 52. Rc5 Bg4 53. Rc4 Rxa2 54. Ra4 Re2 55.
Rxa6 Re1 56. b4 Rc1+ 57. Kb2 Rg1 58. b5 Rg2 59. Rh1 Rxf2+ 60. Kc3 Re2 61. b6 Re6 62. Kd2 f2 63. Rf1 Be2 64. Rxf2 Bxa6 65. Rg2+ Kf7 66.
Rh2 Rxb6 67. Rxh5 Rb5 68. Rh7+ Ke6 69. Ra7 Rd5+ 70. Ke3 Rd6 71. Kf4 Bc4 72. Rc7 Rd4+ 73. Ke3 Rh4 0-1

[Event "Late-Titled-Tuesday-Blitz-April-16-2024"]
[Site "Chess.com"]
[Date "2024.04.16"]
[Round "1"]
[White "DenLaz"]
[Black "subham777"]
[Result "1-0"]
[WhiteElo "3110"]
[BlackElo "2532"]
[TimeControl "180+1"]
[EndTime "14:08:37 PDT"]
[Termination "DenLaz won by resignation"]

1. d4 d5 2. c4 e6 3. Nf3 Nf6 4. g3 Be7 5. Bg2 O-O 6. O-O Ne4 7.
Qc2 c6 8. Nc3 f5 9. Be3 Nd7 10.
Rad1 g5 11. Nxe4 fxe4 12. Ne5 Nxe5 13. dxe5 Qe8 14. f3 exf3 15. exf3 Bd7 16. f4 gxf4 17. gxf4 Qg6 18. Qe2 Kh8 19. Kh1 Be8 20. cxd5 cxd5 21.
Bd4 Bc6 22. Bh3 Qh6 23. Qe3 Bc5 24. Bg4 Bxd4 25. Rxd4 Rg8 26. Qh3 Qxh3 27. Bxh3 Rg6 28. Rg1 Rxg1+ 29. Kxg1 Rg8+ 30. Kf2 Rg6 31. Bf1 Kg7 32.
Rd2 Kf8 33. Bd3 Rg4 34. Kf3 h5 35. Bc2 Ke7 36. Ke3 Rh4 37. Bd1 Rh3+ 38. Kd4 Bb5 39. b3 a5 40. Kc5 Bc6 41. Kb6 a4 42. bxa4 Ra3 43. a5 Rc3 44. Rc2 Ra3 45. Rg2 d4 46.
Rg7+ Kf8 47. Rg6 Bd5 48. Bxh5 d3 49. Rg3 Bc4 50. Re3 Rxa2 51. Re1 Ba6 52. h3 d2 53. Rd1 Bc4 54. Rb1 Bd3 55. Rb4 Bg6 56. Bg4 Bf5 57.
Rd4 Bxg4 58. hxg4 Rb2+ 59. Kc7 Ke7 60. Rd7+ Ke8 61. Rd3 Ke7 62. f5 exf5 63. gxf5 Rb5 64. f6+ Ke6 65. Rd6+ Kxe5 66. f7 Rc5+ 67. Kd7 Rd5 68.
Rxd5+ Kxd5 69. f8=Q Kc4 70. Qd6 Kc3 71. Kc7 Kc2 72. Kxb7 d1=Q 73. Qxd1+ 1-0

[Event "Late-Titled-Tuesday-Blitz-April-16-2024"]
[Site "Chess.com"]
[Date "2024.04.16"]
[Round "1"]
[White "GMG"]
[Black "GiorgianBarbosa"]
[Result "1-0"]
[WhiteElo "2825"]
[BlackElo "2453"]
[TimeControl "180+1"]
[EndTime "14:08:39 PDT"]
[Termination "GMG won by checkmate"]

1. Nf3 Nf6 2. c4 d5 3. cxd5 Nxd5 4. e4 Nb6 5. d4 g6 6. Be3 Bg7 7. Be2 O-O 8. O-O Bg4 9. Nbd2 Nc6 10. h3 Bd7 11. d5 Ne5 12. Nxe5 Bxe5 13. Qb3 a5 14. Nf3 Bg7 15. a4 e6 16. d6 Nxa4 17.
Rxa4 Bxa4 18. Qxa4 cxd6 19. Bd4 Bxd4 20. Nxd4 Qb6 21.
Nb5 Rac8 22. Rd1 Rfd8 23. Bc4 Rc5 24. b3 d5 25. exd5 exd5 26. Bd3 h5 27. h4 d4 28. g3 Re5 29. Ra1 Rde8 30. Qxa5 Qxa5 31. Rxa5 Rc8 32. Ra4 Rd8 33. Kf1 Kg7 34. Ra7 Rd7 35. Na3 Red5 36. Nc4 b5 37. Rxd7 Rxd7 38. Na3 b4 39. Nc2 Kf6 40. Nxb4 Rb7 41. Nd5+ Ke5 42. Bc4 Rd7 43. Nf4 Ke4 44. Ke2 Ke5 45. Kf3 Rb7 46. Nd3+ Kd6 47. Ke4 Re7+ 48. Kxd4 Re2 49. Bxf7 Rd2 50. Bxg6 Rd1 51.
Bxh5 Rh1 52. Bg6 Rh2 53. h5 Rh1 54. f4 Ke7 55. g4 Kf6 56. g5+ Kg7 57. f5 Rh4+ 58.
Ke5 Rh1 59. f6+ Kh8 60. Nf4 Re1+ 61. Kf5 Ra1 62. Bf7 Ra5+ 63. Bd5 Ra7 64. b4 Rb7 65.
Ne6 Ra7 66. g6 Rd7 67. g7+ Kh7 68. Nf8+ Kh6 69. Nxd7 Kh7 70. g8=Q+ Kh6 71. Qg6# 1-0

[Event "Late-Titled-Tuesday-Blitz-April-16-2024"]
[Site "Chess.com"]
[Date "2024.04.16"]
[Round "1"]
[White "LuisFSiles"]
[Black "Meri-Arabidze"]
[Result "1/2-1/2"]
[WhiteElo "2378"]
[BlackElo "2671"]
[TimeControl "180+1"]
[EndTime "14:08:39 PDT"]
[Termination "Game drawn by repetition"]

1. e4 c5 2. Nf3 e6 3. c3 Nf6 4.
e5 Nd5 5. Bc4 Nc6 6. d4 cxd4 7. cxd4 Nb6 8. Bd3 d6 9. exd6 Bxd6 10.
Nc3 h6 11. Qe2 Nb4 12. Bb1 N4d5 13. O-O O-O 14. Qe4 Nf6 15. Qh4 Nh7 16. Qh5 Nf6 17.
Qh4 Re8 18. Ne5 Bf8 19. Be3 Nbd5 20. Rd1 Bd7 21. a3 Rc8 22. Ne2 Ba4 23. Re1 Bc2 24.
Ba2 Nxe3 25. fxe3 Nd5 26. Qf2 Qf6 27. Bxd5 Qxf2+ 28. Kxf2 exd5 29. Nc3 f6 30. Nf3 Be4 31. Rac1 a6 32. Nxe4 dxe4 33. Nd2 f5 34. h3 Be7 35. g3 b5 36. Nb3 Kf7 37. Nc5 Rc6 38. b4 g6 39. Nd7 Rxc1 40. Rxc1 Ke6 41. Nc5+ Bxc5 42. Rxc5 Kd6 43. h4 h5 44. Ke2 Re7 45. Kd2 Rd7 46. Kc3 Re7 47. d5 Ke5 48. Rc6 Kxd5 49.
Rxg6 Rc7+ 50. Kd2 Kc4 51. Kc2 Kd5+ 52. Kb3 Rc1 53. Rg5 Ke5 54. Rxh5 Re1 55. g4 Rxe3+ 56. Kb2 Rf3 57. g5 e3 58. g6 e2 59. g7 Rg3 60. Rg5 Rxg5 61. hxg5 e1=Q 62. g8=Q Qd2+ 63. Kb3 Qd5+ 64. Qxd5+ Kxd5 65. Kc3 Ke5 66. Kd3 f4 67. g6 Kf6 68. Ke4 Kxg6 69. Kxf4 Kf6 70. Ke4 Ke6 71. Kd4 Kd6 72. Ke4 Ke6 73. Kd4 Kd6 74. Ke4 Ke6 1/2-1/2

[Event "Late-Titled-Tuesday-Blitz-April-16-2024"]
[Site "Chess.com"]
[Date "2024.04.16"]
[Round "1"]
[White "ExchangeAB"]
[Black "Korchmar_Vasiliy"]
[Result "0-1"]
[WhiteElo "2391"]
[BlackElo "2704"]
[TimeControl "180+1"]
[EndTime "14:08:41 PDT"]
[Termination "Korchmar_Vasiliy won by resignation"]

1. d4 d5 2. Nf3 Nf6 3. e3 c6 4. Nbd2 Bg4 5. h3 Bh5 6. Bd3 Nbd7 7. O-O e5 8. dxe5 Nxe5 9. Be2 Nxf3+ 10. Nxf3 Bd6 11. b3 O-O 12. Bb2 Qe7 13. Nh4 Bg6 14.
Nxg6 fxg6 15. Bf3 Rad8 16. Qd4 c5 17. Qd3 Be5 18. Bxe5 Qxe5 19. Rad1 b6 20. Qa6 Qc7 21. Rd2 Rd6 22. Rfd1 Rfd8 23. Qb5 g5 24. Bxd5+ Kh8 25. c4 g4 26. hxg4 Nxg4 27. Bf3 Nf6 28. Rxd6 Rxd6 29.
Rxd6 Qxd6 30. Qc6 Qd8 31. Bd5 h5 32. e4 Qe7 33. Qc8+ Kh7 34. Qf5+ Kh6 35. e5 Ng4 36. f4 Qh4 37. Qg5+ Qxg5 38. fxg5+ Kxg5 39. e6 Kf6 40. Kf1 Ne3+ 41. Kf2 Nf5 42. Kf3 Nd4+ 43.
Kf4 g5+ 44. Ke4 Nxe6 45. Bb7 Nf4 46. g3 Ne2 47. Kf3 Nd4+ 48. Ke3 Nf5+ 49. Kf3 Ke5 50. Bc8 Ne7 51. Bd7 Nf5 52. Bc8 Ng7 53. Bd7 Ne6 54. Bc8 Nd4+ 55. Kg2 Nc2 56. Bb7 Nb4 57. Bf3 h4 58.
gxh4 gxh4 59. a3 Nc2 60. a4 Kd4 61. Bd1 Kc3 62. Kh3 Kxb3 63. Kxh4 Kc3 64. Kg3 Ne3 65. Be2 Nxc4 66. Kf4 Nb2 67. Bb5 Kb4 68. Ke5 Nxa4 69. Be8 Nc3 70. Kf4 a5 71. Ke3 Kb3 72. Kd2 Kb2 73. Bf7 a4 74. Bc4 a3 0-1

[Event "Late-Titled-Tuesday-Blitz-April-16-2024"]
[Site "Chess.com"]
[Date "2024.04.16"]
[Round "1"]
[White "NCchamp"]
[Black "2346PL"]
[Result "1/2-1/2"]
[WhiteElo "2246"]
[BlackElo "2574"]
[TimeControl "180+1"]
[EndTime "14:08:41 PDT"]
[Termination "Game drawn by repetition"]

1. d4 d6 2. e4 Nf6 3. Nc3 e5 4. Nf3 Nbd7 5. Bg5 Be7 6. Qd2 O-O 7. O-O-O c6 8. h4 b5 9. Bd3 b4 10. Ne2 Qa5 11. Kb1 Qb6 12. h5 a5 13. h6 g6 14. Be3 Qb7 15. Ng5 Ng4 16. f4 Nxe3 17. Qxe3 exf4 18. Qxf4 Nb6 19. Rdf1 f6 20. Nf3 Be6 21. Qg3 c5 22. e5 f5 23. exd6 Bf6 24.
dxc5 Na4 25. Ned4 Bd5 26. Bxf5 Nxc5 27. Bxg6 hxg6 28. Qxg6+ Kh8 29. Nf5 Be4 30. N3h4 Rac8 31. Qg4 Rg8 32. Ng6+ Rxg6 33. Qxg6 Bxc2+ 34. Kxc2 Qe4+ 35. Kd1 Bxb2 36. Qg7+ Bxg7 37. hxg7+ Kg8 38. Rh8+ Kf7 39. Ng3+ Kxg7 40. Nxe4 Kxh8 41. Nxc5 Rxc5 42. Rf8+ Kg7 43. Rd8 Kf6 44. d7 Ke7 45. Rg8 Kxd7 46. g4 a4 47. Rb8 Rc4 48. g5 Rg4 49. Rb5 Kc6 50.
Ra5 Kb6 51. Rxa4 Kb5 52. Ra8 Rxg5 53. Kc2 Rg2+ 54. Kb1 Kc4 55. Rc8+ Kd4 56. Rd8+ Kc3 57. Rc8+ Kd3 58. Rd8+ Kc4 59. Rc8+ Kd5 60. Rd8+ Kc5 61.
Rc8+ Kd6 62. Rd8+ Kc7 63. Rd4 Rg1+ 64. Kb2 Rg2+ 65. Kb3 Kc6 66. Rc4+ Kb5 67. Rxb4+ Ka5 68. Rf4 Rg3+ 69. Kb2 Rg2+ 70. Kb1 Rg3 71. Kb2 Rg2+ 72. Kb3 Rg3+ 73. Kb2 1/2-1/2

[Event "Late-Titled-Tuesday-Blitz-April-16-2024"]
[Site "Chess.com"]
[Date "2024.04.16"]
[Round "1"]
[White "youngdinousaur"]
[Black "ilm2034"]
[Result "1/2-1/2"]
[WhiteElo "2235"]
[BlackElo "2566"]
[TimeControl "180+1"]
[EndTime "14:08:41 PDT"]
[Termination "Game drawn by repetition"]

1. d4 Nf6 2. Bg5 Ne4 3. Bf4 c5 4. e3 g6 5. Bd3 Nf6 6. c3 Bg7 7. Nd2 b6 8. h3 Bb7 9. Ngf3 d6 10. O-O O-O 11. Re1 Nbd7 12. a4 Re8 13. Bg3 e5 14. e4 a6 15. Qe2 Nh5 16. Bh2 Qf6 17.
Rad1 Nf4 18. Bxf4 Qxf4 19. Qe3 Qf6 20. d5 h5 21. Qe2 Bh6 22. Nc4 b5 23. Na5 Reb8 24.
Nxb7 Rxb7 25. axb5 axb5 26. Bxb5 Qe7 27. Bc6 Nf6 28. Bxb7 Qxb7 29. Ra1 Rb8 30. Ra2 Qb3 31. Rea1 Kg7 32. Ne1 h4 33. Nd3 Qc4 34. Ra4 Qb5 35. Ra7 Nh5 36. Rc7 Rb7 37. Ra7 Rxc7 38. Rxc7 Qa5 39.
Rd7 c4 40. Qf3 Qa1+ 41. Kh2 Nf4 42. Nxf4 Bxf4+ 43. g3 hxg3+ 44. fxg3 Qxb2+ 45. Qg2 Qb5 46. Rxd6 Bg5 47. Rc6 Qb3 48. h4 Bd8 49. Qf3 Qc2+ 50. Kh3 Qd2 51. Rxc4 Bb6 52. Rc6 Bd8 53. c4 Qc1 54. c5 Qc4 55. Rc8 Be7 56. Rc7 Bf6 57. c6 Qd4 58. Rd7 Qc5 59. c7 Qc4 60. d6 Qe6+ 61.
Qg4 Qc4 62. Qf3 Qe6+ 63. Qg4 Qc4 64. Rd8 Qf1+ 65. Kh2 Qf2+ 66. Kh1 Qf1+ 67. Kh2 Qf2+ 68. Kh1 Qf1+ 69. Kh2 1/2-1/2

[Event "Late-Titled-Tuesday-Blitz-April-16-2024"]
[Site "Chess.com"]
[Date "2024.04.16"]
[Round "1"]
[White "Iball95"]
[Black "giomar27"]
[Result "1-0"]
[WhiteElo "2880"]
[BlackElo "2479"]
[TimeControl "180+1"]
[EndTime "14:08:44 PDT"]
[Termination "Iball95 won by resignation"]

1. e4 e5 2. Nf3 Nc6 3. Nc3 Nf6 4.
Bb5 Nd4 5. Nxd4 exd4 6. e5 dxc3 7.
exf6 Qxf6 8. dxc3 Bc5 9. O-O O-O 10. Bd3 d6 11. Qh5 g6 12. Qh6 Be6 13. Bg5 Qg7 14. Qh4 h5 15. Rae1 Rfe8 16. a4 a5 17. Re2 Bg4 18. Ree1 Qf8 19. h3 Bd7 20. Qf4 f5 21. Bc4+ Kh7 22. b3 Rxe1 23. Rxe1 Re8 24. Rxe8 Qxe8 25.
Qd2 Bc6 26. b4 Bb6 27. b5 Bd7 28. Bd5 c6 29. bxc6 bxc6 30. Bb3 Bc5 31. Bf4 d5 32. c4 dxc4 33. Bxc4 Bb4 34. Qd4 Be6 35.
c3 Bf8 36. Qe5 Bf7 37. Bxf7 Qxf7 38. Qxa5 Qe6 39. Qc7+ Kg8 40. Kh2 g5 41. Be5 f4 42. a5 f3 43. gxf3 Qf5 44. Kg2 g4 45. fxg4 hxg4 46. hxg4 Qxg4+ 47. Bg3 Qe4+ 48. Kh2 Qh7+ 49.
Kg2 Qe4+ 50. Kf1 Qd3+ 51. Ke1 Qxc3+ 52. Ke2 Qc2+ 53. Kf3 Qf5+ 54. Bf4 Qh3+ 55. Ke2 Qg4+ 56. f3 Qg2+ 57. Ke3 Bc5+ 58. Ke4 Qe2+ 59. Kf5 Qd3+ 60. Kg4 Qg6+ 61. Bg5 Qe6+ 62. Kh4 Qe1+ 63. Kh5 Qe8+ 64. Kg4 Qe6+ 65. Kh4 Bf2+ 66. Kh5 Qe8+ 67. Kh6 Qf8+ 68. Kg6 Qe8+ 69. Kf5 Qf8+ 70. Bf6 Qc5+ 71. Qe5 Qc2+ 72. Qe4 Qc5+ 73. Kg6 Qd6 74. Qe8+ Qf8 75. Qe6+ 1-0

[Event "Late-Titled-Tuesday-Blitz-April-16-2024"]
[Site "Chess.com"]
[Date "2024.04.16"]
[Round "1"]
[White "littlepinkyboy"]
[Black "laskakid"]
[Result "0-1"]
[WhiteElo "2640"]
[BlackElo "2372"]
[TimeControl "180+1"]
[EndTime "14:08:45 PDT"]
[Termination "laskakid won on time"]

1. e4 d6 2. d4 Nf6 3. Nc3 e5 4.
dxe5 dxe5 5. Qxd8+ Kxd8 6. Nf3 Bd6 7. Bg5 Be6 8. O-O-O Nd7 9. Bb5 Kc8 10. a3 a6 11.
Be2 h6 12. Bh4 g5 13. Bg3 Nh5 14. Nd5 Nf4 15. Bxf4 exf4 16. Nd4 Ne5 17. Nxe6 fxe6 18. Nb6+ cxb6 19. Rxd6 Re8 20. Rxb6 Kc7 21. Rb3 Rad8 22. Rd1 Rxd1+ 23. Bxd1 Rd8 24. Be2 Rd4 25. Rc3+ Kd6 26. f3 Ng6 27. Rc8 Kd7 28. Rg8 Nh4 29. g3 Ng2 30.
Rg6 Ne1 31. Rxh6 g4 32. fxg4 Rxe4 33. Bd3 Nxd3+ 34. cxd3 fxg3 35. hxg3 Rxg4 36. Rh3 Kc6 37. Kd2 Kd5 38. Ke3 b5 39. Kf3 Rd4 40. Rh5+ e5 41.
Ke3 Rg4 42. Rh3 a5 43. Kf3 Rd4 44. Ke2 Rg4 45. Ke3 a4 46. Kd2 b4 47. axb4 Rxb4 48. Kc3 Rg4 49. Rh4 Rxg3 50. Rxa4 Rg1 51. Ra5+ Kd6 52.
Ra6+ Kd5 53. Ra5+ Kd6 54. b4 Rg3 55. Ra6+ Kd5 56. Ra5+ Kd6 57. b5 e4 58. b6 Rxd3+ 59. Kc4 Kc6 60. Rb5 Kb7 61. Rc5 Rd6 62. Rb5 Rxb6 0-1

[Event "Late-Titled-Tuesday-Blitz-April-16-2024"]
[Site "Chess.com"]
[Date "2024.04.16"]
[Round "1"]
[White "TheCount"]
[Black "N_I_Chess"]
[Result "0-1"]
[WhiteElo "2663"]
[BlackElo "2384"]
[TimeControl "180+1"]
[EndTime "14:08:46 PDT"]
[Termination "N_I_Chess won by checkmate"]

1. d4 Nf6 2. c4 e6 3. Nf3 Bb4+ 4. Nbd2 O-O 5. a3 Bxd2+ 6. Qxd2 d6 7. Qc2 Qe7 8. Bg5 h6 9. Bh4 e5 10. e3 Bg4 11.
O-O-O Nbd7 12. h3 Bh5 13. g4 Bg6 14. Qb3 exd4 15. Nxd4 Nc5 16. Qa2 a5 17. a4 c6 18.
Bg2 Nd3+ 19. Rxd3 Bxd3 20. Qb3 Bh7 21. Re1 Rfe8 22. e4 Qe5 23. Qe3 Nd7 24. f4 Qc5 25. Qc3 b5 26. cxb5 cxb5 27. Qxc5 Nxc5 28. Nxb5 Nxa4 29. Nxd6 Red8 30. e5 Nc5 31. Bxa8 Rxa8 32.
Kd2 Rb8 33. Nc4 Rb4 34. Nxa5 Rxb2+ 35. Kc3 Rh2 36. Re3 g5 37. fxg5 hxg5 38. Bxg5 Nd7 39. Nc6 Rc2+ 40. Kd4 Rxc6 41. h4 Re6 42. Bf4 Ra6 43. Rc3 Kg7 44. h5 Nf8 45. Ke3 Ne6 46.
Bg3 Ra4 47. Kf3 Be4+ 48. Kf2 Bh1 49. Bh4 Rxg4 50. Bf6+ Kh6 51. Rc8 Be4 52. Rh8+ Bh7 53. Be7 Rf4+ 54. Ke3 Rf5 55. Ke4 Kxh5 56. Rxh7+ Kg6 57.
Rh8 Rh5 58. Kd5 Rxh8 59. Bf6 Rh7 60. Kd6 Rh5 61. Ke7 Rf5 62. Kd6 Kh7 63. Ke7 Kg8 64. Ke8 Rf1 65. Ke7 Ra1 66. Kd7 Ra8 67. Kd6 Re8 68. Kd7 Kf8 69. Bg5 Ra8 70. Bh6+ Kg8 71. Be3 Ra5 72. Kd6 Kf8 73. Bh6+ Ke8 74. Be3 Ra6+ 75.
Kd5 Kd7 76. Bf2 Ra4 77. Be1 Rd4# 0-1

[Event "Late-Titled-Tuesday-Blitz-April-16-2024"]
[Site "Chess.com"]
[Date "2024.04.16"]
[Round "1"]
[White "chessisveryfun1264"]
[Black "The_Straightforward_Rook"]
[Result "1/2-1/2"]
[WhiteElo "2741"]
[BlackElo "2424"]
[TimeControl "180+1"]
[EndTime "14:09:01 PDT"]
[Termination "Game drawn by repetition"]

1. e4 e6 2. d4 d5 3. Nd2 Nc6 4. Ngf3 Nf6 5. e5 Nd7 6. Bd3 f6 7. exf6 Qxf6 8. c3 Bd6 9. O-O O-O 10. Qe2 e5 11. dxe5 Ndxe5 12. Nxe5 Nxe5 13. h3 Qf4 14.
Bc2 Bd7 15. Kh1 Rae8 16. Ne4 Qh4 17. Nxd6 Bxh3 18. g3 Bxf1+ 19. gxh4 Bxe2 20. Nxe8 Rxe8 21. Bf4 Bf3+ 22. Kg1 Be4 23. Bb3 c6 24. Bg3 Nd3 25. Kh2 Nxb2 26. Re1 Nd3 27. Re3 Bg6 28. Rf3 Ne5 29.
Rf4 Nd7 30. Rd4 Bf7 31. Bd1 Nf6 32. Bf3 Bg6 33. Rd2 Be4 34. Be2 Kf7 35. Rb2 b5 36. a4 a6 37. axb5 axb5 38. Ra2 Re7 39. Bd6 Rd7 40. Bc5 Bf5 41. Ra6 Rc7 42. Bd6 Rc8 43.
Ra7+ Kg6 44. Bc5 Ne4 45. Bd4 Nf6 46. Kg3 c5 47. Be5 Ne4+ 48. Kg2 Nf6 49. f4 Be4+ 50. Kf2 b4 51. cxb4 cxb4 52. Rb7 Rc2 53. Ke3 Rc1 54. Rxb4 Rh1 55. h5+ Nxh5 56. Rb7 Nf6 57.
Rc7 Rh3+ 58. Kd4 h5 59. Bb5 Rh2 60. Ba6 Rd2+ 61. Ke3 Rc2 62. Rb7 Ra2 63. Ra7 Ng4+ 64. Kd4 Nxe5 65. Kxe5 Re2 66. Kd4 h4 67. Rc7 Rd2+ 68.
Ke5 Rd3 69. Bxd3 Bxd3 70. Rc6+ Kh5 71. f5 Be4 72. Rc3 Kg4 73. Rc7 h3 74. Rxg7+ Kf3 75. Rh7 Bxf5 76. Kxf5 Kg2 77. Rg7+ Kf1 78. Rh7 Kg2 79.
Rg7+ Kf3 80. Rh7 Kg3 81. Kg5 h2 82. Kf5 d4 83. Ke4 Kg2 84. Rg7+ Kf2 85. Rf7+ Kg2 86. Rg7+ Kf2 87. Rh7 Kg2 88. Rg7+ 1/2-1/2

[Event "Late-Titled-Tuesday-Blitz-April-16-2024"]
[Site "Chess.com"]
[Date "2024.04.16"]
[Round "1"]
[White "Sacbutt"]
[Black "Josetricks"]
[Result "0-1"]
[WhiteElo "2335"]
[BlackElo "2635"]
[TimeControl "180+1"]
[EndTime "14:09:04 PDT"]
[Termination "Josetricks won on time"]

1. d4 g6 2. c4 Bg7 3. Nc3 d6 4. Nf3 Nd7 5. g3 Ngf6 6. Bg2 O-O 7. O-O c5 8. b3 Rb8 9. Bb2 a6 10. a4 b6 11. d5 Ne8 12. Qc2 Nc7 13. e4 b5 14. Nd2 bxc4 15. Nxc4 Nb6 16. Nxb6 Rxb6 17. a5 Rb4 18. Ba3 Rb8 19. Rfb1 Nb5 20. Nxb5 Bxa1 21. Rxa1 Rxb5 22. Bb2 Rxa5 23. Re1 Rb5 24. Bf1 Rb8 25.
e5 Qb6 26. exd6 exd6 27. Bc4 Bd7 28. Qc3 f6 29. Re7 Bb5 30. Qe3 Rf7 31. Rxf7 Kxf7 32.
Qe6+ Kf8 33. Qxf6+ Ke8 34. Qe6+ Kd8 35. Bf6+ Kc7 36.
Qe7+ Bd7 37. Qxh7 a5 38. Qxg6 a4 39. bxa4 Qb1+ 40. Qxb1 Rxb1+ 41. Kg2 Bxa4 42. h4 Bc2 43. h5 Be4+ 44. f3 Bh7 45. g4 Rc1 46. Be2 Rc2 47. Kf1 c4 48. g5 Bd3 49. Bxd3 cxd3 50. Ke1 Rh2 51. h6 Kd7 52. h7 Rxh7 53. Kd2 Rh3 54.
Kxd3 Rxf3+ 55. Ke4 Rg3 56. Kf4 Rg1 57. Kf5 Rd1 58. Ke4 Re1+ 59. Kf4 Ke8 60. Kf5 Kf7 61. g6+ Kg8 62. g7 Re2 63. Kg6 Re1 64. Kf5 Kf7 65.
Bd4 Rd1 66. Ke4 Re1+ 67. Kd3 Re7 68. Kc4 Rc7+ 69. Kb5 Rc1 70. Kb4 Rc2 71. Kb5 Rd2 72. Kc4 Rg2 73. Kb5 Ke7 74. Kc6 Rc2+ 75. Kb5 Kf7 76. Ba1 Rc8 77. Bd4 Rg8 78. Kc6 Rd8 79.
Bc3 Rc8+ 80. Kxd6 Rxc3 81. g8=Q+ Kxg8 82. Ke7 Re3+ 83. Kf6 Kf8 0-1

[Event "Late-Titled-Tuesday-Blitz-April-16-2024"]
[Site "Chess.com"]
[Date "2024.04.16"]
[Round "1"]
[White "ShahxaibKhan"]
[Black "bascheyaro"]
[Result "0-1"]
[WhiteElo "2454"]
[BlackElo "2828"]
[TimeControl "180+1"]
[EndTime "14:09:08 PDT"]
[Termination "bascheyaro won on time"]

1. e4 e6 2. d4 d5 3. Nd2 c5 4. Ngf3 Nc6 5. exd5 exd5 6. Bb5 c4 7. O-O Bd6 8. b3 cxb3 9. axb3 Ne7 10. c4 O-O 11. c5 Bc7 12. h3 Bf5 13. Re1 Nb4 14. Nh4 Nc2 15. Nxf5 Nxe1 16. Ne3 a6 17. Bf1 Nc6 18.
Bb2 Nxg2 19. Nxg2 Qf6 20. Qf3 Qg5 21. Qe3 Qd8 22. Nf3 Re8 23. Qg5 Qxg5 24. Nxg5 f6 25. Nf3 Rad8 26. Bc3 Kf7 27. Ne3 Bf4 28. Ng2 Bh6 29. Bd3 g6 30. b4 Na7 31. Kf1 Re6 32.
Bc2 Nb5 33. Bb2 Ke7 34. Bb3 Nc7 35. Bc1 Bxc1 36. Rxc1 g5 37. Ne3 Kf7 38. Nf5 Nb5 39. Ba4 Kg6 40. Bxb5 Kxf5 41. Bd3+ Kf4 42. Kg2 h5 43.
Rb1 Rde8 44. Bg6 Rh8 45. Bf7 Re2 46. Bxd5 g4 47. Ng1 Rd2 48. Rb3 f5 49. Re3 h4 50.
hxg4 fxg4 51. Ne2+ Kg5 52. Re5+ Kf6 53. Re6+ Kg7 54.
Re7+ Kf8 55. Re4 Rh7 56. Bc4 Rg7 57. d5 g3 58. f3 h3+ 59. Kxh3 g2 60. Rf4+ Ke7 61.
Re4+ Kd8 62. Ng1 Rh7+ 63. Kg3 Rh1 64. Re1 Rd4 65. Be2 Rxb4 66. Kxg2 Rh5 67. Rd1 Rg5+ 68.
Kf2 Rb2 69. Rd3 Re5 70. Re3 Rxd5 71. f4 Rxc5 72. Nf3 a5 73. Ne5 Rd5 74. Nf7+ Kc7 75.
Ne5 a4 76. Rc3+ Kb8 77. Ke3 b5 78. Bf3 Rd6 79. Nc6+ Kb7 80. Nd4+ Kb6 81. Nc6 Rb3 82. Rxb3 axb3 83. Nd4 b2 0-1